[Event "Mukachevo Rating January 2019"]
[Site "Mukachevo"]
[Date "2019.01.10"]
[Round "3"]
[White "Shkuran, Danylo"]
[Black "Martynyuk, Elizaveta"]
[Result "1-0"]
[ECO "B47"]
[WhiteElo "2359"]
[BlackElo "2120"]
[Annotator "ChessBase"]
[PlyCount "191"]
[EventDate "2019.01.09"]
[EventType "tourn"]
[EventCountry "UKR"]
[SourceTitle "playchess.com"]
[Source "ChessBase"]
[SourceQuality "1"]
[TimeControl "5400+30"]

1. e4 c5 2. Nf3 e6 3. d4 cxd4 4. Nxd4 Nc6 5. Nc3 Qc7 6. g3 a6 7. Bg2 Nf6 8. O-O Bc5 9. Nb3 Ba7 10. Kh1 d6 11. f4 h5 12. h3 Ng4 13. Qe2 b5 14. a3 Bb7 15. Bf3 Qb6 16. Nd1 Nd4 17. Nxd4 Qxd4 18. Kg2 Nf6 19. Nc3 Rc8 20. Rd1 Qb6 21. Rd3 Qc7 22. Be3 Bxe3 23. Qxe3 O-O 24. Rad1 d5 25. exd5 Nxd5 26. Nxd5 Bxd5 27. Bxd5 exd5 28. c3 h4 29. Rxd5 hxg3 30. Re5 Qc4 31. Rd4 Qb3 32. Qd2 Rfe8 33. Rxe8+ Rxe8 34. Kxg3 Re6 35. f5 Rf6 36. Rf4 Kh7 37. Rh4+ Rh6 38. Rg4 Rh5 39. Qd4 f6 40. Qd7 Qg8 41. h4 Qb8+ 42. Kf3 Qa8+ 43. Ke3 Qf8 44. Kd3 Kg8 45. Rxg7+ Qxg7 46. Qe8+ Qf8 47. Qxh5 Qd6+ 48. Kc2 Qe5 49. Qg4+ Kf8 50. Kb1 a5 51. h5 Qd5 52. Kc2 Qe5 53. Kb1 Qd5 54. h6 Qh1+ 55. Ka2 Qxh6 56. Qe4 Qd2 57. Qe6 Qd8 58. a4 bxa4 59. Ka3 Kg7 60. Kxa4 Qd1+ 61. Ka3 Qa1+ 62. Kb3 Qd1+ 63. Kc4 Qf1+ 64. Kc5 Qf2+ 65. Kc6 Qg2+ 66. Qd5 Qxb2 67. Qxa5 Kh6 68. c4 Kg5 69. Qd5 Qa2 70. Kb7 Qb3+ 71. Kc7 Qa2 72. Kd7 Qa7+ 73. Ke8 Qb8+ 74. Ke7 Qc7+ 75. Ke6 Qc8+ 76. Kd6 Qb8+ 77. Kc6 Qa8+ 78. Kb6 Qb8+ 79. Qb7 Qd6+ 80. Kb5 Qd3 81. Qg2+ Kf4 82. Qd5 Qb3+ 83. Kc6 Qa2 84. Qd6+ Kxf5 85. c5 Qa6+ 86. Kc7 Qa7+ 87. Kd8 Qa8+ 88. Kd7 Qb7+ 89. Qc7 Qd5+ 90. Ke7 Qe4+ 91. Kf7 Qd5+ 92. Ke7 Ke4 93. Qd6 Qa8 94. c6 f5 95. c7 Kf3 96. Qd3+ 1-0

[Event "Mukachevo Rating January 2019"]
[Site "Mukachevo"]
[Date "2019.01.12"]
[Round "6"]
[White "Baidetskyi, Valentin"]
[Black "Tiba, Vladyslav"]
[Result "1-0"]
[ECO "B42"]
[WhiteElo "2387"]
[BlackElo "2405"]
[Annotator "NA"]
[PlyCount "87"]
[EventDate "2019.01.09"]
[EventType "tourn"]
[EventCountry "UKR"]
[SourceTitle "playchess.com"]
[Source "ChessBase"]
[SourceQuality "1"]
[TimeControl "5400+30"]

1. e4 c5 2. Nf3 e6 3. d4 cxd4 4. Nxd4 a6 5. Bd3 Nf6 6. O-O Qc7 7. Qe2 d6 8. c4 g6 9. Nc3 Bg7 10. Rd1 O-O 11. h3 Nc6 12. Nf3 Nd7 13. Bf4 Nde5 14. Rac1 Bd7 15. Bb1 Rac8 16. b3 h6 17. Nh2 Rcd8 18. Be3 g5 19. Na4 Rc8 20. Bb6 Qb8 21. Qd2 Ne7 22. Qb4 Bxa4 23. Qxa4 Rc6 24. Qb4 N7g6 25. Be3 Qc7 26. g3 Qe7 27. Qd2 Nd7 28. Kh1 e5 29. Qe2 Nc5 30. Qh5 Ne6 31. Ng4 Rfc8 32. Nxh6+ Bxh6 33. Qxh6 Qf6 34. Bd3 b5 35. Be2 Nd4 36. Bg4 R8c7 37. Bxg5 Qg7 38. Qxg7+ Kxg7 39. cxb5 axb5 40. Rxc6 Rxc6 41. Be3 Nc2 42. Rc1 Ne7 43. Bd7 Rc7 44. Bxb5 1-0

[Event "Mukachevo Rating January 2019"]
[Site "Mukachevo"]
[Date "2019.01.12"]
[Round "6"]
[White "Shkuran, Danylo"]
[Black "Larkin, Vladyslav"]
[Result "1-0"]
[ECO "B07"]
[WhiteElo "2359"]
[BlackElo "2311"]
[Annotator "NA"]
[PlyCount "121"]
[EventDate "2019.01.09"]
[EventType "tourn"]
[EventCountry "UKR"]
[SourceTitle "playchess.com"]
[Source "ChessBase"]
[SourceQuality "1"]
[TimeControl "5400+30"]

1. e4 d6 2. d4 Nf6 3. Nc3 Nbd7 4. g3 e5 5. Bg2 g6 6. Nge2 Bg7 7. O-O O-O 8. h3 Re8 9. Re1 c6 10. a4 b6 11. Be3 Bb7 12. g4 d5 13. exd5 cxd5 14. Nb5 exd4 15. Bxd4 Ne5 16. Nec3 Ne4 17. f4 Nc4 18. Bxg7 Kxg7 19. Qd4+ Qf6 20. Rxe4 Rxe4 21. Qxf6+ Kxf6 22. Bxe4 dxe4 23. b3 Nd2 24. Kf2 Rc8 25. Rd1 Nf3 26. Rd7 Ba8 27. Rxa7 e3+ 28. Kxe3 Ne1 29. Kd2 Ng2 30. Rxf7+ Ke6 31. Rxh7 Nxf4 32. Nc7+ Ke5 33. Nxa8 Rxa8 34. h4 Rd8+ 35. Kc1 Kd4 36. Kb2 Ke3 37. Rb7 Kf3 38. Rxb6 Kxg4 39. Rb4 Kf3 40. a5 Rd2 41. Kc1 Rd8 42. a6 Ra8 43. Ra4 Ne6 44. b4 Rc8 45. Kb2 Nc7 46. b5 Na8 47. Nd5 Rb8 48. c4 Ke4 49. Kc3 Ke5 50. Ra1 Kd6 51. Kd4 Rh8 52. c5+ Kd7 53. b6 Rxh4+ 54. Kc3 Rh8 55. Kc4 Kc6 56. Nb4+ Kd7 57. Rd1+ Kc8 58. Kb5 g5 59. Nd5 g4 60. Ne7+ Kb8 61. a7+ 1-0

[Event "Mukachevo Rating January 2019"]
[Site "Mukachevo"]
[Date "2019.01.12"]
[Round "6"]
[White "Oros, Robert"]
[Black "Kagramanianz, Vartan"]
[Result "1-0"]
[ECO "B25"]
[WhiteElo "2312"]
[BlackElo "2246"]
[Annotator "NA"]
[PlyCount "103"]
[EventDate "2019.01.09"]
[EventType "tourn"]
[EventCountry "UKR"]
[SourceTitle "playchess.com"]
[Source "ChessBase"]
[SourceQuality "1"]
[TimeControl "5400+30"]

1. e4 c5 2. Nc3 Nc6 3. g3 g6 4. Bg2 Bg7 5. d3 d6 6. f4 e6 7. Nf3 Nge7 8. O-O O-O 9. Be3 Nd4 10. e5 Nef5 11. Bf2 d5 12. Nd2 f6 13. g4 Ne7 14. exf6 Bxf6 15. Na4 b6 16. c3 Ndc6 17. Nf3 Bg7 18. Bg3 Bd7 19. d4 Qc8 20. h3 Qa6 21. b3 Rac8 22. Ne5 Nxe5 23. dxe5 Qa5 24. c4 b5 25. Be1 Qd8 26. Nc3 b4 27. Ne2 dxc4 28. bxc4 Bc6 29. Bh4 Bxg2 30. Kxg2 Qxd1 31. Raxd1 Nc6 32. Rd6 Na5 33. Rxe6 Nxc4 34. Rc1 Nb6 35. Bf2 Nd5 36. Rc4 a5 37. Rd6 Rfd8 38. Rxc5 Nc3 39. Nxc3 bxc3 40. Rxc3 g5 41. Rxc8 Rxc8 42. fxg5 Bxe5 43. Rd5 Bc3 44. Rc5 Rxc5 45. Bxc5 Bd2 46. h4 Kf7 47. Kf3 Ke6 48. Ke4 Be1 49. h5 Bd2 50. Be3 Be1 51. a4 Bb4 52. Bd4 {[%emt 0:03:10] Kd5+} 1-0

[Event "Mukachevo Rating January 2019"]
[Site "Mukachevo"]
[Date "2019.01.12"]
[Round "6"]
[White "Martynyuk, Elizaveta"]
[Black "Becskei, Zoltan"]
[Result "1-0"]
[ECO "B42"]
[WhiteElo "2120"]
[BlackElo "2308"]
[Annotator "NA"]
[PlyCount "99"]
[EventDate "2019.01.09"]
[EventType "tourn"]
[EventCountry "UKR"]
[SourceTitle "playchess.com"]
[Source "ChessBase"]
[SourceQuality "1"]
[TimeControl "5400+30"]

1. e4 c5 2. Nf3 e6 3. d4 cxd4 4. Nxd4 a6 5. Bd3 Nf6 6. O-O Qc7 7. c4 d6 8. Nc3 Nbd7 9. b3 h6 10. Bb2 g5 11. Nce2 Ne5 12. f4 Neg4 13. Nc2 e5 14. fxe5 dxe5 15. h3 Bc5+ 16. Kh1 h5 17. Qd2 Nf2+ 18. Rxf2 Bxf2 19. Qxg5 Ng4 20. Qg7 Rf8 21. hxg4 hxg4 22. Rf1 f5 23. Qg6+ Qf7 24. Qxf7+ Rxf7 25. Rxf2 fxe4 26. Rxf7 exd3 27. Rf1 b5 28. Bxe5 bxc4 29. bxc4 Be6 30. Ned4 Bxc4 31. Ne3 Bf7 32. Rd1 Bg6 33. Ndf5 Rd8 34. Bd6 Kf7 35. Rxd3 Ke6 36. Ng7+ Kf7 37. Rd4 g3 38. Ngf5 Ke6 39. Bxg3 Ra8 40. Rd6+ Kf7 41. Bh4 Bxf5 42. Nxf5 a5 43. g4 a4 44. g5 Ke8 45. g6 Rc8 46. g7 Rc1+ 47. Kh2 Rc2+ 48. Kh3 Rc3+ 49. Kg4 Kf7 50. Rf6+ 1-0

[Event "Mukachevo Rating January 2019"]
[Site "Mukachevo"]
[Date "2019.01.12"]
[Round "6"]
[White "Tran, David"]
[Black "Petrovskiy, Vadim"]
[Result "1/2-1/2"]
[ECO "B25"]
[WhiteElo "2111"]
[BlackElo "2205"]
[Annotator "NA"]
[PlyCount "55"]
[EventDate "2019.01.09"]
[EventType "tourn"]
[EventCountry "UKR"]
[SourceTitle "playchess.com"]
[Source "ChessBase"]
[SourceQuality "1"]
[TimeControl "5400+30"]

1. e4 c5 2. Nc3 Nc6 3. g3 g6 4. Bg2 Bg7 5. d3 d6 6. f4 Nf6 7. h3 O-O 8. Nf3 Rb8 9. O-O b5 10. g4 b4 11. Ne2 Ba6 12. f5 c4 13. Nf4 cxd3 14. cxd3 Qa5 15. Re1 Rfc8 16. Be3 Bb7 17. fxg6 hxg6 18. Qb3 e6 19. Rac1 Nd8 20. Nd2 d5 21. e5 Nd7 22. d4 Ba6 23. Bf1 Bxf1 24. Rxf1 Qb6 25. Qd3 Nc6 26. b3 Qb5 27. Qxb5 Rxb5 28. Rc2 1/2-1/2

[Event "Mukachevo Rating January 2019"]
[Site "Mukachevo"]
[Date "2019.01.13"]
[Round "7"]
[White "Tiba, Vladyslav"]
[Black "Shkuran, Danylo"]
[Result "1/2-1/2"]
[ECO "B15"]
[WhiteElo "2405"]
[BlackElo "2359"]
[Annotator "NA"]
[PlyCount "36"]
[EventDate "2019.01.09"]
[EventType "tourn"]
[EventCountry "UKR"]
[SourceTitle "playchess.com"]
[Source "ChessBase"]
[SourceQuality "1"]
[TimeControl "5400+30"]

1. e4 c6 2. d4 d5 3. Nc3 dxe4 4. Nxe4 Nf6 5. Nxf6+ exf6 6. c3 Bd6 7. Bd3 O-O 8. Ne2 Re8 9. Qc2 h6 10. O-O Qc7 11. h3 $11 {[%emt 0:05:19] LiveBook: 19 Games} Nd7 12. Bd2 Nf8 13. Rae1 Be6 14. Bf5 Rad8 15. Bxe6 Nxe6 16. Qf5 Qb6 17. Qc2 Qc7 18. Qf5 Qb6 1/2-1/2

[Event "Mukachevo Rating January 2019"]
[Site "Mukachevo"]
[Date "2019.01.13"]
[Round "7"]
[White "Larkin, Vladyslav"]
[Black "Oros, Robert"]
[Result "1-0"]
[ECO "A45"]
[WhiteElo "2311"]
[BlackElo "2312"]
[Annotator "NA"]
[PlyCount "99"]
[EventDate "2019.01.09"]
[EventType "tourn"]
[EventCountry "UKR"]
[SourceTitle "playchess.com"]
[Source "ChessBase"]
[SourceQuality "1"]
[TimeControl "5400+30"]

1. d4 Nf6 2. Bf4 g6 3. e3 Bg7 4. h3 O-O 5. Nf3 d6 6. Be2 Nfd7 7. Bh2 e5 8. c4 exd4 9. exd4 Nc6 10. Nc3 Nf6 11. O-O Re8 12. Bd3 a6 13. Re1 Rxe1+ 14. Qxe1 d5 15. Rd1 Nb4 16. Bf1 Bf5 17. a3 Nc6 18. g4 Bc2 19. Rd2 Be4 20. Bg2 h6 21. Nxe4 dxe4 22. d5 Na5 23. Ne5 Nd7 24. Nxd7 Qxd7 25. Qxe4 Re8 26. Qd3 Re1+ 27. Bf1 b5 28. cxb5 axb5 29. Re2 Ra1 30. Qe4 Kh7 31. Re1 Rxe1 32. Qxe1 Nb3 33. Bg2 Nd4 34. Bf4 c5 35. d6 Ne6 36. Be5 f6 37. Bg3 Bf8 38. Qe4 Nd8 39. Qd3 c4 40. Qd4 Kg7 41. Qb6 Kf7 42. Bd5+ Ke8 43. Qe3+ Be7 44. dxe7 Qxe7 45. Qxh6 c3 46. Qxg6+ Kd7 47. bxc3 Qe1+ 48. Kh2 Qxc3 49. Qg7+ Kc8 50. Qa7 1-0

[Event "Mukachevo Rating January 2019"]
[Site "Mukachevo"]
[Date "2019.01.13"]
[Round "7"]
[White "Becskei, Zoltan"]
[Black "Baidetskyi, Valentin"]
[Result "0-1"]
[ECO "A00"]
[WhiteElo "2308"]
[BlackElo "2387"]
[Annotator "NA"]
[PlyCount "84"]
[EventDate "2019.01.09"]
[EventType "tourn"]
[EventCountry "UKR"]
[SourceTitle "playchess.com"]
[Source "ChessBase"]
[SourceQuality "1"]
[TimeControl "5400+30"]

1. Nc3 Nf6 2. e4 d6 3. g3 e5 4. Bg2 Be7 5. a4 O-O 6. Nf3 a5 7. O-O Nbd7 8. d4 c6 9. Bg5 $146 {[%emt 0:00:48] C41: Philidor Defence} ({Predecessor:} 9. Re1 Re8 10. b3 Bf8 11. Bb2 exd4 12. Nxd4 Nc5 13. Qd2 g6 14. h3 Bg7 15. Rad1 Qb6 16. Kh2 Bd7 {½-½ (46) Andriasian,Z (2621)-Plat,V (2532) Tallinn 2016}) 9... h6 10. Bxf6 Bxf6 11. d5 Nb6 12. b3 Qc7 13. Nd2 Bd7 14. Nc4 Nxc4 15. bxc4 Rfc8 16. Ra3 Bd8 17. dxc6 bxc6 18. c5 dxc5 19. Bf3 $17 Bh3 20. Re1 Bg5 21. Qe2 Rd8 22. Nb1 Bc8 23. Qf1 Rb8 24. Be2 Be6 25. h4 Be7 26. c3 Rb2 27. Bc4 Qd7 28. Bxe6 Qxe6 29. c4 Rd4 30. Rc3 Qg4 31. Qg2 Re2 32. Rxe2 Qxe2 33. Kh2 Qd1 34. Na3 Rd3 35. Rc2 Rxa3 36. f4 exf4 37. gxf4 Bxh4 38. Qe2 Qxe2+ 39. Rxe2 Bg3+ 40. Kh3 Bxf4+ 41. Kg4 Be3 42. Kf5 Bd4 0-1

[Event "Mukachevo Rating January 2019"]
[Site "Mukachevo"]
[Date "2019.01.13"]
[Round "7"]
[White "Kagramanianz, Vartan"]
[Black "Tran, David"]
[Result "1/2-1/2"]
[ECO "C45"]
[WhiteElo "2246"]
[BlackElo "2111"]
[Annotator "NA"]
[PlyCount "43"]
[EventDate "2019.01.09"]
[EventType "tourn"]
[EventCountry "UKR"]
[SourceTitle "playchess.com"]
[Source "ChessBase"]
[SourceQuality "1"]
[TimeControl "5400+30"]

1. e4 e5 2. Nf3 Nc6 3. d4 exd4 4. Nxd4 Bc5 5. Be3 Qf6 6. c3 Nge7 7. Nc2 Bxe3 8. Nxe3 d6 9. Bd3 Ne5 10. O-O g5 11. Na3 Be6 12. Nb5 O-O-O 13. Nxa7+ Kb8 14. Nb5 c6 15. Nd4 N7g6 16. Be2 Nf4 17. Bg4 h5 18. Bf5 g4 19. Ne2 Bxf5 $14 (19... d5 $1 $15 20. Qc2 (20. Nxf4 dxe4 21. Qa4 Bxf5 $15) 20... dxe4 21. Bxe4 Nxe2+ 22. Qxe2 Qf4) 20. exf5 ({Reject} 20. Nxf5 d5 $17) 20... Nxe2+ 21. Qxe2 Rdg8 22. Kh1 1/2-1/2

[Event "Mukachevo Rating January 2019"]
[Site "Mukachevo"]
[Date "2019.01.13"]
[Round "7"]
[White "Petrovskiy, Vadim"]
[Black "Martynyuk, Elizaveta"]
[Result "0-1"]
[ECO "B34"]
[WhiteElo "2205"]
[BlackElo "2120"]
[Annotator "NA"]
[PlyCount "28"]
[EventDate "2019.01.09"]
[EventType "tourn"]
[EventCountry "UKR"]
[SourceTitle "playchess.com"]
[Source "ChessBase"]
[SourceQuality "1"]
[TimeControl "5400+30"]

1. e4 c5 2. Nf3 Nc6 3. d4 cxd4 4. Nxd4 g6 5. Nc3 Bg7 6. Be3 Nf6 7. Nxc6 bxc6 8. e5 Ng8 9. f4 f6 10. Bd4 Nh6 11. Bd3 fxe5 12. Bxe5 Bxe5 13. fxe5 Qa5 14. Qe2 Rb8 0-1

[Event "Mukachevo Rating January 2019"]
[Site "Mukachevo"]
[Date "2019.01.13"]
[Round "8"]
[White "Shkuran, Danylo"]
[Black "Becskei, Zoltan"]
[Result "1-0"]
[ECO "C77"]
[WhiteElo "2359"]
[BlackElo "2308"]
[Annotator "NA"]
[PlyCount "77"]
[EventDate "2019.01.09"]
[EventType "tourn"]
[EventCountry "UKR"]
[SourceTitle "playchess.com"]
[Source "ChessBase"]
[SourceQuality "1"]
[TimeControl "5400+30"]

1. e4 e5 2. Nf3 Nc6 3. Bb5 a6 4. Ba4 Nf6 5. Qe2 b5 6. Bb3 Bc5 7. c3 O-O 8. O-O d5 9. exd5 Nxd5 10. Qe4 Nde7 11. Nxe5 Nxe5 12. Qxe5 Bd6 13. Qg5 c5 14. d4 cxd4 15. cxd4 Qc7 16. h3 Kh8 17. Nc3 Bb7 18. Re1 f5 19. Bf4 Rf6 20. Bxd6 Qxd6 21. Qe3 Ng6 22. d5 b4 23. Na4 f4 24. Qc5 Qd8 25. Qxb4 Bc8 26. Nc5 Bxh3 27. gxh3 Nh4 28. Qe4 h5 29. Ne6 Qb6 30. Rf1 g5 31. Kh1 Qd6 32. Rae1 Qd7 33. Qe5 Raf8 34. Qxg5 Ng2 35. Qxh5+ Kg8 36. Nxf8 Qd6 37. Re6 Rxe6 38. dxe6 Nh4 39. Qf7+ 1-0

[Event "Mukachevo Rating January 2019"]
[Site "Mukachevo"]
[Date "2019.01.13"]
[Round "8"]
[White "Oros, Robert"]
[Black "Tran, David"]
[Result "1/2-1/2"]
[ECO "C26"]
[WhiteElo "2312"]
[BlackElo "2111"]
[Annotator "NA"]
[PlyCount "87"]
[EventDate "2019.01.09"]
[EventType "tourn"]
[EventCountry "UKR"]
[SourceTitle "playchess.com"]
[Source "ChessBase"]
[SourceQuality "1"]
[TimeControl "5400+30"]

1. e4 e5 2. Nc3 Nf6 3. Bc4 Bc5 4. d3 d6 5. Na4 Bd4 6. c3 Bxf2+ 7. Kxf2 c6 8. Nf3 b5 9. Bb3 bxa4 10. Bxa4 Qb6+ 11. Ke1 Nbd7 12. Bc2 O-O 13. Qe2 Re8 14. Qf2 Qxf2+ 15. Kxf2 Ng4+ 16. Ke1 d5 17. h3 Ngf6 18. Be3 Ba6 19. Rd1 Nb6 20. Bg5 dxe4 21. dxe4 Nc4 22. Bc1 Rad8 23. Rxd8 Rxd8 24. Kf2 Rb8 25. b3 Nd6 26. Ke3 c5 27. c4 Nd7 28. Rd1 Rb6 29. Kf2 Kf8 30. Be3 Ke7 31. Bg5+ f6 32. Be3 Bb7 33. Nd2 Ra6 34. Bb1 Rc6 35. g4 Nf8 36. g5 Ne6 37. gxf6+ gxf6 38. Nf1 Rc8 39. Ng3 Rd8 40. Re1 Rg8 41. Bc1 Rg7 42. Rd1 Rg8 43. Rg1 Rg7 44. Re1 1/2-1/2

[Event "Mukachevo Rating January 2019"]
[Site "Mukachevo"]
[Date "2019.01.13"]
[Round "8"]
[White "Larkin, Vladyslav"]
[Black "Tiba, Vladyslav"]
[Result "1/2-1/2"]
[ECO "A45"]
[WhiteElo "2311"]
[BlackElo "2405"]
[Annotator "NA"]
[PlyCount "22"]
[EventDate "2019.01.09"]
[EventType "tourn"]
[EventCountry "UKR"]
[SourceTitle "playchess.com"]
[Source "ChessBase"]
[SourceQuality "1"]
[TimeControl "5400+30"]

1. d4 Nf6 2. Bf4 g6 3. e3 Bg7 4. h3 d6 5. Nf3 O-O 6. Nbd2 Nbd7 7. Bc4 b6 8. O-O Bb7 9. Qe2 Ne4 10. Nxe4 Bxe4 11. Rad1 a5 1/2-1/2

[Event "Mukachevo Rating January 2019"]
[Site "Mukachevo"]
[Date "2019.01.13"]
[Round "8"]
[White "Martynyuk, Elizaveta"]
[Black "Kagramanianz, Vartan"]
[Result "0-1"]
[ECO "B32"]
[WhiteElo "2120"]
[BlackElo "2246"]
[Annotator "NA"]
[PlyCount "106"]
[EventDate "2019.01.09"]
[EventType "tourn"]
[EventCountry "UKR"]
[SourceTitle "playchess.com"]
[Source "ChessBase"]
[SourceQuality "1"]
[TimeControl "5400+30"]

1. e4 c5 2. Nf3 Nc6 3. d4 cxd4 4. Nxd4 e5 5. Nb5 a6 6. Nd6+ Bxd6 7. Qxd6 Qe7 8. Qd1 Nf6 9. Nc3 d6 10. Bg5 Be6 11. Be2 O-O 12. O-O Rfd8 13. f4 h6 14. Bxf6 Qxf6 15. f5 Bd7 16. Nd5 Qg5 17. Rf3 Rf8 18. Nb6 Qd8 19. Nxa8 Qxa8 20. c3 Qd8 21. Kh1 Qb6 22. b4 Ne7 23. f6 Ng6 24. fxg7 Kxg7 25. Rd3 Bc6 26. Rxd6 Qe3 27. Qd3 Qxe4 28. Qxe4 Bxe4 29. Bf3 Bxf3 30. gxf3 Rc8 31. Rc1 Nh4 32. Rg1+ Ng6 33. Rd3 Rc4 34. Rg4 Rc7 35. a4 h5 36. Rg1 Kf6 37. Re1 Kf5 38. Re4 Nf4 39. Rde3 f6 40. c4 h4 41. Re1 Rd7 42. c5 Rd2 43. Rb1 Rc2 44. Ree1 Nd3 45. Rf1 h3 46. Rb3 Rd2 47. f4 e4 48. b5 axb5 49. Rxb5 Kg4 50. Rxb7 e3 51. Rg7+ Kf5 52. Rgg1 Nf2+ 53. Rxf2 exf2 0-1

[Event "Mukachevo Rating January 2019"]
[Site "Mukachevo"]
[Date "2019.01.14"]
[Round "9"]
[White "Tiba, Vladyslav"]
[Black "Oros, Robert"]
[Result "1/2-1/2"]
[ECO "B73"]
[WhiteElo "2405"]
[BlackElo "2312"]
[Annotator "ChessBase"]
[PlyCount "22"]
[EventDate "2019.01.09"]
[EventType "tourn"]
[EventCountry "UKR"]
[SourceTitle "playchess.com"]
[Source "ChessBase"]
[SourceQuality "1"]
[TimeControl "5400+30"]

1. e4 c5 2. Nf3 d6 3. d4 cxd4 4. Nxd4 Nf6 5. Nc3 Nc6 6. Be2 g6 7. O-O Bg7 8. Be3 O-O 9. h3 Bd7 10. Nb3 a5 11. a4 Rc8 1/2-1/2

[Event "Mukachevo Rating January 2019"]
[Site "Mukachevo"]
[Date "2019.01.14"]
[Round "9"]
[White "Becskei, Zoltan"]
[Black "Larkin, Vladyslav"]
[Result "0-1"]
[ECO "B21"]
[WhiteElo "2308"]
[BlackElo "2311"]
[Annotator "RC"]
[PlyCount "56"]
[EventDate "2019.01.09"]
[EventType "tourn"]
[EventCountry "UKR"]
[SourceTitle "playchess.com"]
[Source "ChessBase"]
[SourceQuality "1"]
[TimeControl "5400+30"]

1. e4 c5 2. d4 cxd4 3. c3 Nf6 4. b3 Nxe4 5. Bb2 Nc6 6. Nf3 e5 7. Bd3 Nxc3 8. Nxc3 Bb4 9. Qd2 O-O 10. O-O-O dxc3 11. Bxc3 Bxc3 12. Qxc3 Qe7 13. h4 e4 14. Ng5 exd3 15. Qxd3 g6 16. Nxh7 Kxh7 17. h5 Qa3+ 18. Kb1 Qxa2+ 19. Kc1 Qa1+ 20. Kd2 Qd4 21. hxg6+ Kg8 22. gxf7+ Rxf7 23. Rh4 Qb2+ 24. Ke3 Qxf2+ 25. Ke4 Qxh4+ 26. Kd5 Nb4+ 27. Kd6 Qe7+ 28. Kc7 d5# 0-1

[Event "Mukachevo Rating January 2019"]
[Site "Mukachevo"]
[Date "2019.01.14"]
[Round "9"]
[White "Petrovskiy, Vadim"]
[Black "Shkuran, Danylo"]
[Result "1/2-1/2"]
[ECO "B18"]
[WhiteElo "2205"]
[BlackElo "2359"]
[Annotator "NA"]
[PlyCount "32"]
[EventDate "2019.01.09"]
[EventType "tourn"]
[EventCountry "UKR"]
[SourceTitle "playchess.com"]
[Source "ChessBase"]
[SourceQuality "1"]
[TimeControl "5400+30"]

1. e4 c6 2. d4 d5 3. Nc3 dxe4 4. Nxe4 Bf5 5. Ng3 Bg6 6. h4 h6 7. h5 Bh7 8. Nf3 Nd7 9. Bd3 Bxd3 10. Qxd3 Ngf6 11. Bd2 e6 12. O-O-O Bd6 13. Ne4 Nxe4 14. Qxe4 Nf6 15. Qe2 Qc7 16. g3 O-O-O 1/2-1/2